[Event "Marienbad IM-III 2022"]
[Site "Marianske Lazne"]
[Date "2022.01.15"]
[Round "1.22"]
[White "Dev, Shah"]
[Black "Kantorik, Marian"]
[Result "1-0"]
[ECO "D11"]
[WhiteElo "2243"]
[BlackElo "2209"]
[Annotator "ChessBase"]
[PlyCount "47"]
[EventDate "2022.01.15"]
[EventType "tourn"]
[EventCountry "CZE"]
[SourceTitle "playchess.com"]
[Source "ChessBase"]
[SourceQuality "1"]
[TimeControl "40/5400+30:1800+30"]

1. d4 d5 2. c4 c6 3. Nf3 dxc4 4. g3 Nf6 5. Bg2 g6 6. O-O Bg7 7. Ne5 Be6 8. Na3 Nbd7 9. Naxc4 Nxe5 10. Nxe5 O-O 11. e4 Nd7 12. Nf3 Bc4 13. Re1 e5 14. Qc2 Ba6 15. Bg5 Qb6 16. Bh3 h6 17. Bxd7 hxg5 18. dxe5 Qd8 19. e6 Kh8 20. e5 Qe7 21. Rad1 Rad8 22. exf7 Rxf7 23. Bg4 Rdf8 24. Qxg6 1-0

[Event "Marienbad IM-III 2022"]
[Site "Marianske Lazne"]
[Date "2022.01.15"]
[Round "1.23"]
[White "Krawczyk, Flawian"]
[Black "Schmider, Niklas"]
[Result "1/2-1/2"]
[ECO "C77"]
[WhiteElo "2114"]
[BlackElo "2330"]
[Annotator "ChessBase"]
[PlyCount "49"]
[EventDate "2022.01.15"]
[EventType "tourn"]
[EventCountry "CZE"]
[SourceTitle "playchess.com"]
[Source "ChessBase"]
[SourceQuality "1"]
[TimeControl "40/5400+30:1800+30"]

1. e4 e5 2. Nf3 Nc6 3. Bb5 a6 4. Ba4 Nf6 5. d3 Bc5 6. Nc3 b5 7. Bb3 d6 8. Nd5 h6 9. c3 Be6 10. Nxf6+ Qxf6 11. O-O O-O 12. Bxe6 fxe6 13. Be3 Bxe3 14. fxe3 Ne7 15. a4 Rab8 16. axb5 Rxb5 17. Qe2 Rb6 18. Nd2 Qg5 19. Rxf8+ Kxf8 20. Nc4 Rc6 21. Qf2+ Kg8 22. h4 Qg4 23. g3 Ng6 24. Kh2 d5 25. Nd2 1/2-1/2

[Event "Marienbad IM-III 2022"]
[Site "Marianske Lazne"]
[Date "2022.01.15"]
[Round "1.24"]
[White "Hollan, Martin"]
[Black "Bubalovic, Davorin"]
[Result "1-0"]
[ECO "B90"]
[WhiteElo "2361"]
[BlackElo "2220"]
[Annotator "ChessBase"]
[PlyCount "103"]
[EventDate "2022.01.15"]
[EventType "tourn"]
[EventCountry "CZE"]
[SourceTitle "playchess.com"]
[Source "ChessBase"]
[SourceQuality "1"]
[TimeControl "40/5400+30:1800+30"]

1. e4 c5 2. Nf3 d6 3. d4 cxd4 4. Nxd4 Nf6 5. Nc3 a6 6. Be3 e5 7. Nde2 Be7 8. Ng3 O-O 9. Bc4 Nc6 10. O-O Be6 11. Nd5 Rc8 12. Bb6 Qd7 13. c3 Bd8 14. Bxd8 Qxd8 15. a4 Bxd5 16. exd5 Ne7 17. Ba2 Re8 18. c4 Qa5 19. Qb3 h5 20. Qa3 h4 21. b4 Qb6 22. a5 Qd4 23. Rad1 Qf4 24. Ne2 Qg4 25. Rfe1 Nf5 26. h3 Qg5 27. Qf3 g6 28. c5 e4 29. Qc3 Nh5 30. Bb1 e3 31. Bxf5 exf2+ 32. Kxf2 Qxf5+ 33. Qf3 Qxf3+ 34. gxf3 dxc5 35. d6 Red8 36. Nc3 Nf6 37. b5 axb5 38. Nxb5 Ra8 39. Re7 Rd7 40. Nc7 Rad8 41. Rxd7 Nxd7 42. Rb1 Ne5 43. Rxb7 Rxd6 44. a6 Rd2+ 45. Ke3 Nc4+ 46. Kf4 Kg7 47. Ne6+ Kf6 48. Ng5 Nd6 49. Rxf7+ Nxf7 50. Ne4+ Ke6 51. Nxd2 g5+ 52. Ke4 1-0

[Event "Marienbad IM-III 2022"]
[Site "Marianske Lazne"]
[Date "2022.01.15"]
[Round "1.25"]
[White "Pourquet, Matthieu"]
[Black "Mannion, Stephen R"]
[Result "1/2-1/2"]
[ECO "A09"]
[WhiteElo "2169"]
[BlackElo "2267"]
[Annotator "ChessBase"]
[PlyCount "70"]
[EventDate "2022.01.15"]
[EventType "tourn"]
[EventCountry "CZE"]
[SourceTitle "playchess.com"]
[Source "ChessBase"]
[SourceQuality "1"]
[TimeControl "40/5400+30:1800+30"]

1. Nf3 d5 2. c4 d4 3. b4 g6 4. g3 Bg7 5. Bg2 d3 6. Nc3 Nc6 7. b5 Nb4 8. O-O Bf5 9. Ne1 Bg4 10. Nf3 dxe2 11. Qxe2 Qd3 12. Qxd3 Nxd3 13. Ba3 O-O-O 14. Ng5 Ne5 15. Bb4 h6 16. Nge4 Nd3 17. Rab1 Bd4 18. Ba3 Be6 19. Nd5 Bxd5 20. cxd5 f5 21. Nc3 Rh7 22. Ne2 Bb6 23. Rb3 Nc5 24. Bxc5 Bxc5 25. Nf4 Rd6 26. Re1 Nf6 27. Rd3 g5 28. Ne6 Bb6 29. h3 Rf7 30. Re5 Nd7 31. Re1 Nc5 32. Nxc5 Bxc5 33. Kf1 f4 34. g4 b6 35. Be4 Kb7 1/2-1/2

[Event "Marienbad IM-III 2022"]
[Site "Marianske Lazne"]
[Date "2022.01.18"]
[Round "5.22"]
[White "Hollan, Martin"]
[Black "Dev, Shah"]
[Result "1/2-1/2"]
[ECO "C54"]
[WhiteElo "2361"]
[BlackElo "2243"]
[Annotator "RC"]
[PlyCount "81"]
[EventDate "2022.01.15"]
[EventType "tourn"]
[EventCountry "CZE"]
[SourceTitle "playchess.com"]
[Source "ChessBase"]
[SourceQuality "1"]
[TimeControl "40/5400+30:1800+30"]

1. e4 e5 2. Nf3 Nc6 3. Bc4 Bc5 4. c3 Nf6 5. d4 exd4 6. b4 Be7 7. e5 Ne4 8. b5 Na5 9. Bd3 Nxc3 10. Nxc3 dxc3 11. Qa4 c6 12. O-O cxb5 13. Bxb5 O-O 14. Rd1 a6 15. Bd3 d5 16. exd6 Bf6 17. d7 Bxd7 18. Bxh7+ Kxh7 19. Rxd7 Qe8 20. Bg5 Rd8 21. Bxf6 gxf6 22. Qc2+ Kg7 23. Rc7 Qb5 24. Rxc3 Rd5 25. Nd4 Qb4 26. Rg3+ Rg5 27. Qe4 Nc6 28. Rh3 Rg8 29. Nf5+ Kf8 30. Qxb4+ Nxb4 31. Ne3 Nd5 32. Nxd5 Rxd5 33. Rf3 Kg7 34. h4 Rgd8 35. Rg3+ Kh7 36. Rf3 Rd1+ 37. Rxd1 Rxd1+ 38. Kh2 Rd2 39. Rxf6 Kg7 40. Rf3 Rxa2 41. h5 1/2-1/2

[Event "Marienbad IM-III 2022"]
[Site "Marianske Lazne"]
[Date "2022.01.18"]
[Round "5.24"]
[White "Mannion, Stephen R"]
[Black "Kantorik, Marian"]
[Result "1/2-1/2"]
[ECO "B93"]
[WhiteElo "2267"]
[BlackElo "2209"]
[Annotator "RC"]
[PlyCount "22"]
[EventDate "2022.01.15"]
[EventType "tourn"]
[EventCountry "CZE"]
[SourceTitle "playchess.com"]
[Source "ChessBase"]
[SourceQuality "1"]
[TimeControl "40/5400+30:1800+30"]

1. e4 c5 2. Nf3 d6 3. d4 cxd4 4. Nxd4 Nf6 5. Nc3 a6 6. f4 e5 7. Nf3 Nbd7 8. a4 Be7 9. Bc4 O-O 10. O-O Qc7 11. Qe2 exf4 1/2-1/2

[Event "Marienbad IM-III 2022"]
[Site "Marianske Lazne"]
[Date "2022.01.22"]
[Round "9.23"]
[White "Bubalovic, Davorin"]
[Black "Krawczyk, Flawian"]
[Result "1/2-1/2"]
[ECO "B90"]
[WhiteElo "2220"]
[BlackElo "2114"]
[Annotator "ChessBase"]
[PlyCount "120"]
[EventDate "2022.01.15"]
[EventType "tourn"]
[EventCountry "CZE"]
[SourceTitle "playchess.com"]
[Source "ChessBase"]
[SourceQuality "1"]
[TimeControl "40/5400+30:1800+30"]

1. e4 c5 2. Nf3 d6 3. d4 cxd4 4. Nxd4 Nf6 5. Nc3 a6 6. h3 e5 7. Nde2 h5 8. Bg5 Be7 9. Bxf6 Bxf6 10. Nd5 Nc6 11. Nec3 Bg5 12. h4 Bh6 13. g3 g6 14. Bh3 Be6 15. Kf1 O-O 16. Kg2 b5 17. a4 b4 18. Ne2 a5 19. c3 Rb8 20. Qd3 Ne7 21. Nxe7+ Qxe7 22. Rhd1 Rfd8 23. Bxe6 fxe6 24. c4 Rbc8 25. b3 Rc7 26. Ng1 Bg7 27. Rac1 Rcd7 28. Nf3 Bf6 29. Qe3 Rc7 30. c5 d5 31. c6 d4 32. Qd3 Rdc8 33. Qa6 Qd6 34. Rc4 Bg7 35. Ne1 Qe7 36. Qxa5 g5 37. Qxb4 Qxb4 38. Rxb4 gxh4 39. Rc4 hxg3 40. fxg3 Bh6 41. b4 h4 42. Nf3 Rxc6 43. Rxc6 Rxc6 44. Nxe5 Rc2+ 45. Kh3 hxg3 46. Kxg3 Bd2 47. Rb1 Kg7 48. b5 Kf6 49. Nf3 Ba5 50. b6 d3 51. b7 Bc7+ 52. e5+ Kf5 53. b8=Q Bxb8 54. Rxb8 Ke4 55. Rb6 Rc3 56. Rb4+ Ke3 57. Rd4 Rc8 58. Rd6 Rg8+ 59. Kh2 Kxf3 60. Rxd3+ Ke4 1/2-1/2